 Dungeon Sprint DCSS version 0.23.2-1-ga50397a6bc (webtiles) character file.

Game seed: 1240791149833176445

4780 Kobolds4U the Imperceptible (level 10, -17/46 HPs)
             Began as a Spriggan Assassin on May 28, 2019.
             Was a High Priest of Okawaru.
             Demolished by a slime creature (19 damage)
             ... in the Dungeon (Sprint I: "Red Sonja").
             The game lasted 00:04:54 (580 turns).

Kobolds4U the Imperceptible (Spriggan Assassin)      Turns: 580, Time: 00:04:55

Health: -17/46     AC:  5    Str:  7    XL:     10   Next: 23%
Magic:  11/11      EV: 32    Int: 13    God:    Okawaru [*****.]
Gold:   43         SH:  0    Dex: 26    Spells: 9/9 levels left

rFire    + . .     SeeInvis +   a - +2 dagger
rCold    . . .     Gourm    .   (shield restricted)
rNeg     . . .     Faith    .   u - +2 robe {rF+}
rPois    .         Spirit   .   (helmet restricted)
rElec    .         Reflect  .   d - +0 cloak
rCorr    .         Harm     .   (gloves unavailable)
MR       +....     NoTele   +   (boots unavailable)
Stlth    +++++++++.             (no amulet)
HPRegen  0.15/turn              t - +5 ring of dexterity
MPRegen  0.12/turn              (no ring)

@: very quick
A: very small, unfitting armour, see invisible, herbivore, speed 3, slow
metabolism 2
a: Heroism, Finesse, Renounce Religion


You were in the Dungeon.
You worshipped Okawaru.
Okawaru was extremely pleased with you.
You were not hungry.

You visited 1 branch You collected 762 gold pieces.
You spent 719 gold pieces at shops.

Inventory:

Hand Weapons
 a - a +2 dagger (weapon)
 b - a +0 blowgun
 m - a +0 shortbow
 q - a +0 long sword
Missiles
 e - 7 poisoned needles
 f - 10 curare-tipped needles
 p - 51 arrows
 r - 2 needles of sleeping
 s - 5 needles of frenzy
Armour
 d - a +0 cloak (worn)
 u - a +2 robe of fire resistance (worn)
Jewellery
 t - a +5 ring of dexterity (left hand)
Wands
 n - a wand of flame (31)
Scrolls
 c - a scroll of identify
 i - a scroll of enchant weapon {unknown}
 o - a scroll of remove curse {unknown}
 v - a scroll of fear
Potions
 h - a potion of curing
 j - a potion of haste
 k - 2 potions of magic
 l - a potion of berserk rage
Comestibles
 g - a ration


   Skills:
 * Level 1.5 Fighting
 - Level 2.1 Short Blades
 - Level 4.2 Bows
 - Level 10.2 Throwing
 + Level 12.7 Dodging
 - Level 26.5 Stealth


You had 9 spell levels left.
You didn't know any spells.
Your spell library was empty.

Dungeon Overview and Level Annotations

Branches:
Dungeon (1/1)

Altars:
Cheibriados
Dithmenos
Elyvilon
Fedhas
Gozag
Hepliaklqana
Kikubaaqudgha
Makhleb
Nemelex Xobeh
Okawaru
Qazlal
Ru
Sif Muna
Trog
Uskayaw
Vehumet
Wu Jian
Xom
Yredelemnul
Zin
The Shining One
Jiyva
Lugonu

Shops:
D ?=[


Innate Abilities, Weirdness & Mutations

You are very small and have problems with some larger weapons.
You are too small for most types of armour.
You have supernaturally acute eyesight. (SInv)
You are a herbivore.
You cover ground extremely quickly.
You need to consume almost no food.


Message History

The slime creature is moderately wounded.
The slime creature completely misses you.
You hit the slime creature but do no damage.
The slime creature is moderately wounded.
The slime creature closely misses you.
You hit the slime creature but do no damage.
The slime creature is moderately wounded.
The slime creature completely misses you.
You barely miss the slime creature.
The slime creature is moderately wounded.
The slime creature completely misses you.
You hit the slime creature.
The slime creature is moderately wounded.
You hit the slime creature.
The slime creature is heavily wounded.
The slime creature completely misses you.
You hit the slime creature.
The slime creature is heavily wounded.
The slime creature hits you!!
You die...

################### ##
#<.#..'..#.)'..#__#$$+
#..'..#.)'..#..@..'$$#
#..#####'#####'#J_####
#..####..#...#)####§§####
#..#__####..##§#§§§§)#..#
#.[#_____##'#_§§§§§§.'..#
#⌠⌠#_.∩...'..._#§≈§§†#§.#
####_..__##_)#'##§#####§###
#_____###'#.#.§§.###.§§#
############.####'###(###§#


You could see a slime creature.

Vanquished Creatures
  2 centaur warriors (D)
  Sonja (D)
  2 unseen horrors (D)
  A deep troll (D)
  An oklob plant (D)
  A hornet (D)
  Sigmund (D)
  A yak (D)
  2 redbacks (D)
  An ogre (D)
  A jelly (D)
  Ijyb (D)
15 creatures vanquished.

Notes
Turn   | Place    | Note
-------+----------+-------------------------------------------
     0 | D        | Kobolds4U the Spriggan Assassin began the quest for the
                  | Orb.
     0 | D        | Reached XP level 1. HP: 10/10 MP: 2/2
     1 | D        | Noticed Ijyb
    32 | D        | Killed Ijyb
    32 | D        | Reached skill level 10 in Stealth
    32 | D        | Reached XP level 2. HP: 13/14 MP: 3/3
    48 | D        | Noticed an ogre
    51 | D        | Killed an ogre
    51 | D        | Reached skill level 14 in Stealth
    51 | D        | Reached XP level 3. HP: 18/18 MP: 4/4
    51 | D        | Reached XP level 4. HP: 22/22 MP: 5/5
    61 | D        | Noticed Sigmund
    64 | D        | Killed Sigmund
    64 | D        | Reached skill level 18 in Stealth
    64 | D        | Reached XP level 5. HP: 25/25 MP: 6/6
    77 | D        | Found a burning altar of Makhleb.
    77 | D        | Found a viscous altar of Jiyva.
    77 | D        | Found a shimmering altar of Xom.
    77 | D        | Found a corrupted altar of Lugonu.
    77 | D        | Noticed a slime creature
    79 | D        | Found an ornate altar of the Wu Jian Council.
    79 | D        | Found a deep blue altar of Sif Muna.
    81 | D        | Found a radiant altar of Vehumet.
    85 | D        | Reached XP level 6. HP: 30/30 MP: 7/7
    87 | D        | Found Cimnig's Jewellery Emporium.
    87 | D        | Found an ancient bone altar of Kikubaaqudgha.
    87 | D        | Found a hazy altar of Hepliaklqana.
    87 | D        | Found a stormy altar of Qazlal.
    87 | D        | Found a hide-covered altar of Uskayaw.
    87 | D        | Found a blossoming altar of Fedhas.
    87 | D        | Found a bloodstained altar of Trog.
    87 | D        | Found an iron altar of Okawaru.
    87 | D        | Found a basalt altar of Yredelemnul.
    87 | D        | Found a glowing golden altar of the Shining One.
    87 | D        | Found a snail-covered altar of Cheibriados.
    87 | D        | Found a sacrificial altar of Ru.
    87 | D        | Found a glowing silver altar of Zin.
    87 | D        | Found a shadowy altar of Dithmenos.
    87 | D        | Found a white marble altar of Elyvilon.
    87 | D        | Noticed a yak
    88 | D        | Found an opulent altar of Gozag.
    89 | D        | Killed a yak
    89 | D        | Reached skill level 20 in Stealth
   120 | D        | Found a sparkling altar of Nemelex Xobeh.
   125 | D        | Became a worshipper of Warmaster Okawaru
   139 | D        | Noticed a centaur warrior
   139 | D        | Noticed a centaur warrior
   143 | D        | Killed a centaur warrior
   143 | D        | Reached * piety under Okawaru
   143 | D        | Reached ** piety under Okawaru
   143 | D        | Reached skill level 24 in Stealth
   143 | D        | Reached XP level 7. HP: 33/33 MP: 8/8
   143 | D        | Reached XP level 8. HP: 37/37 MP: 9/9
   144 | D        | Killed a centaur warrior
   144 | D        | Reached *** piety under Okawaru
   144 | D        | Reached skill level 26 in Stealth
   155 | D        | Noticed a hornet
   158 | D        | Killed a hornet
   161 | D        | Noticed an oklob plant
   163 | D        | Killed an oklob plant
   163 | D        | Reached **** piety under Okawaru
   163 | D        | Received a gift from Okawaru
   163 | D        | Reached XP level 9. HP: 41/41 MP: 10/10
   206 | D        | Noticed an unseen horror
   207 | D        | Noticed an unseen horror
   213 | D        | Killed an unseen horror
   213 | D        | Reached skill level 10 in Dodging
   215 | D        | Killed an unseen horror
   215 | D        | Reached ***** piety under Okawaru
   215 | D        | Received a gift from Okawaru
   240 | D        | Noticed a deep troll
   242 | D        | Killed a deep troll
   242 | D        | Reached XP level 10. HP: 46/46 MP: 11/11
   255 | D        | Found Fogoliema's Armour Emporium.
   277 | D        | Bought a +5 ring of dexterity for 412 gold pieces
   284 | D        | Noticed Sonja
   304 | D        | Killed Sonja
   304 | D        | Reached skill level 10 in Throwing
   348 | D        | Bought a +2 robe of fire resistance for 230 gold pieces
   508 | D        | Found Hirrosmi's Magic Scroll Boutique.
   516 | D        | Bought a scroll of identify for 28 gold pieces
   516 | D        | Bought a scroll of fear for 49 gold pieces
   571 | D        | HP: 1/46 [slime creature (17)]
   580 | D        | Demolished by a slime creature

Skill      XL: |  1  2  3  4  5  6  7  8  9 10 |
---------------+-------------------------------+-----
Stealth        | 10 14 18 24 26 | 26.5
Bows           | 4 |  4.2
Dodging        | 7 12 | 12.7
Throwing       | 9 10 | 10.2
Fighting       | |  1.5
Short Blades   | |  2.1

Action                   |  1- 3 |  4- 6 |  7- 9 | 10-12 || total
-------------------------+-------+-------+-------+-------++-------
Melee: Dagger            |     1 |     4 |     8 |    35 ||    48
 Fire: Blowgun           |    10 |       |       |     9 ||    19
  Use: Scroll            |       |     1 |       |       ||     1
       Potion            |       |       |       |     1 ||     1
 Stab: Sleeping          |     1 |     4 |     8 |       ||    13
Armor: Robe              |     1 |       |       |       ||     1
Dodge: Dodged            |     5 |       |       |    35 ||    40
